[Event "Early-Titled-Tuesday-Blitz-April-23-2024"]
[Site "Chess.com"]
[Date "2024.04.23"]
[Round "10"]
[White "Alexchess1984"]
[Black "Journey_to_GrandMaster_YT"]
[Result "1-0"]
[WhiteElo "2667"]
[BlackElo "2548"]
[TimeControl "180+1"]
[EndTime "10:01:15 PDT"]
[Termination "Alexchess1984 won by checkmate"]

1. d4 d6 2. e4 Nf6 3. Nc3 e5 4. Nf3 Nbd7 5. Bc4 Be7 6. O-O O-O 7. Re1 c6 8. a4 a5 9. h3 Nb6 10. Bf1 exd4 11. Nxd4 d5 12. e5 Ne8 13. Qh5 g6 14.
Qh6 Ng7 15. Bd3 f6 16. Bf4 Nd7 17. Nf3 Qb6 18. exf6 Bxf6 19. Ng5 Bxg5 20. Bxg5 Qxf2+ 21. Kh1 Nf6 22. Rf1 Qd4 23. Rae1 Bf5 24. Bxf5 Nxf5 25. Rxf5 gxf5 26. Re6 Ne8 27. Re7 Rf7 28. Rxf7 Kxf7 29.
Qxh7+ Qg7 30. Qxf5+ Nf6 31. Ne2 Qg6 32. Qf4 Re8 33.
Ng3 Re6 34. Kh2 Kg7 35. Qc7+ Qf7 36. Nf5+ Kg6 37. Nh4+ Kg7 38. Nf5+ Kg6 39. Nh4+ Kg7 40.
Bh6+ Kg8 41. Qc8+ Re8 42. Qf5 Ne4 43. Qg4+ Kh7 44. Bf4 Rg8 45. Qf3 Rf8 46. g3 Qf6 47. Ng2 Qxb2 48. Qh5+ Kg8 49. Be5 Qxc2 50. Qg6# 1-0

[Event "Early-Titled-Tuesday-Blitz-April-23-2024"]
[Site "Chess.com"]
[Date "2024.04.23"]
[Round "10"]
[White "GMKrikor"]
[Black "temiksmozg"]
[Result "0-1"]
[WhiteElo "2889"]
[BlackElo "2707"]
[TimeControl "180+1"]
[EndTime "10:01:17 PDT"]
[Termination "temiksmozg won on time"]

1. Nf3 d5 2. c4 e6 3. d4 Nf6 4.
Nc3 c6 5. Qc2 Nbd7 6. e4 dxe4 7.
Nxe4 Nxe4 8. Qxe4 Bb4+ 9. Bd2 Nf6 10. Qe3 Qa5 11. Bd3 O-O 12. a3 Bxd2+ 13. Qxd2 Qxd2+ 14. Kxd2 Rd8 15. Kc3 b6 16. b4 c5 17. dxc5 bxc5 18. b5 Bb7 19. Rhd1 a5 20. Nd2 Bxg2 21. f3 Kf8 22. Rg1 Bh3 23. Rg5 Rac8 24. Nb3 h6 25. Rxc5 Bg2 26. Rxc8 Rxc8 27. Nxa5 Bxf3 28. b6 Nd5+ 29.
Kd4 Nxb6 30. Rb1 Nd7 31. Ke3 Ba8 32. Rb5 f5 33. Nb3 g5 34. Nd4 Ke7 35. a4 f4+ 36. Kd2 e5 37. Nf5+ Ke6 38. Nxh6 e4 39. Bc2 Ne5 40.
c5 e3+ 41. Kc3 Rh8 42. Rb6+ Bc6 43. Nf5 Rxh2 44. Nd4+ Kd7 45. Bf5+ Kc7 46. Ne6+ Kd7 47. Nd4+ Kc7 48. Ne6+ Kc8 49. Nxf4+ Bd7 50. Bxd7+ Nxd7 51. Rc6+ Kb7 52. Rd6 Nxc5 53. Rd5 Nxa4+ 54. Kd3 gxf4 55. Rf5 Rf2 0-1

[Event "Early-Titled-Tuesday-Blitz-April-23-2024"]
[Site "Chess.com"]
[Date "2024.04.23"]
[Round "10"]
[White "Brave_spirit12"]
[Black "Seochesspie"]
[Result "0-1"]
[WhiteElo "2724"]
[BlackElo "2906"]
[TimeControl "180+1"]
[EndTime "10:01:19 PDT"]
[Termination "Seochesspie won by resignation"]

1. e4 c5 2. Nf3 d6 3. d4 cxd4 4. Nxd4 Nf6 5. Nc3 a6 6. h3 e5 7. Nf3 Qc7 8. Nh2 Be6 9. a4 Nbd7 10. Bd3 Be7 11. Nf1 O-O 12. Ne3 Rfd8 13. Qf3 h6 14. O-O Rac8 15. Bd2 Nc5 16. g4 Qb6 17. a5 Qc6 18. h4 Nxd3 19. cxd3 d5 20. g5 dxe4 21. dxe4 Rxd2 22. gxf6 Bxf6 23. Ncd5 Bxh4 24. Nf5 Bxf5 25. Qxf5 Qg6+ 26. Qxg6 fxg6 27. Rac1 Bxf2+ 28. Kh1 Rxc1 29. Rxc1 Rxb2 30. Rc8+ Kh7 31. Re8 Bd4 32. Re7 g5 33. Nf6+ Kg6 34. Ne8 Rb5 35. Rxg7+ Kh5 36. Nf6+ Kh4 37. Kg2 Rxa5 38. Rg6 Ra2+ 39. Kf1 h5 40. Rh6 g4 41. Rxh5+ Kg3 42. Ke1 Rf2 43. Rh6 Rf3 44. Rg6 Rf4 45. Nh5+ Kf3 46. Nxf4 exf4 47.
Rd6 Kxe4 48. Re6+ Kf3 49. Rd6 Be3 50. Rd7 b6 51. Rg7 a5 52. Rb7 g3 53. Rg7 g2 0-1

[Event "Early-Titled-Tuesday-Blitz-April-23-2024"]
[Site "Chess.com"]
[Date "2024.04.23"]
[Round "10"]
[White "UmarovSabir"]
[Black "kuchma777"]
[Result "0-1"]
[WhiteElo "2321"]
[BlackElo "2478"]
[TimeControl "180+1"]
[EndTime "10:01:20 PDT"]
[Termination "kuchma777 won on time"]

1. e4 c6 2. d4 d5 3. Bd3 dxe4 4. Bxe4 Nf6 5. Bf3 Bf5 6. Ne2 e6 7. O-O h5 8. h3 Bd6 9. Nd2 Nbd7 10. Nc4 Bc7 11.
Bf4 Nb6 12. Nxb6 axb6 13. c4 Qd7 14. Bxc7 Qxc7 15. Qd2 O-O-O 16. Rfd1 Bg4 17. Qe3 Bf5 18. a4 Ng4 19. hxg4 hxg4 20. Be4 Qh2+ 21. Kf1 Qh1+ 22.
Ng1 Rh2 23. Re1 Rdh8 24. Ke2 Bxe4 25. Qxe4 Rxg2 26. Rf1 Rxf2+ 27. Kd3 Rd2+ 28. Ke3 Rh3+ 29. Nxh3 Re2+ 30. Kxe2 Qxe4+ 31. Kf2 Qxd4+ 32. Kg3 gxh3 33. Kxh3 f6 34. Rad1 Qe3+ 35. Kg2 Qe4+ 36. Rf3 Qxc4 37. Kg3 e5 38. Kf2 Qc2+ 39. Ke1 Qg2 40. Rf2 Qe4+ 41.
Re2 Qxa4 42. Red2 Qh4+ 43. Kf1 f5 44. Re2 e4 45. Rg2 Qf4+ 46. Kg1 g5 47. Rf1 Qe3+ 48. Kh1 Qh3+ 49. Kg1 e3 0-1

[Event "Early-Titled-Tuesday-Blitz-April-23-2024"]
[Site "Chess.com"]
[Date "2024.04.23"]
[Round "10"]
[White "vasblesk"]
[Black "sergoy"]
[Result "1-0"]
[WhiteElo "2827"]
[BlackElo "2915"]
[TimeControl "180+1"]
[EndTime "10:01:21 PDT"]
[Termination "vasblesk won on time"]

1. Nf3 d5 2. c4 d4 3. e3 Nc6 4.
exd4 Nxd4 5. Nxd4 Qxd4 6. Nc3 Nf6 7. d3 e5 8. Be3 Qd8 9. Be2 c6 10. d4 exd4 11. Qxd4 Qxd4 12. Bxd4 Be7 13. O-O Be6 14. Rad1 O-O 15. b3 Rfd8 16. h3 Bb4 17. Na4 Ne4 18.
Be3 Nd2 19. Bxd2 Bxd2 20. Nc5 Bc8 21. Ne4 Ba5 22. Rxd8+ Bxd8 23. Nd6 Kf8 24. Rd1 Bb6 25. b4 Ke7 26. Bg4 Bxg4 27. hxg4 Bc7 28. Nxb7 Rb8 29. Nc5 Bd6 30. Na6 Rc8 31. a4 h6 32.
c5 Be5 33. b5 cxb5 34. axb5 Ke6 35. f3 g6 36. Kf2 h5 37. gxh5 gxh5 38. c6 h4 39. Rd7 Rg8 40. Nc5+ Kf6 41. Ne4+ Ke6 42. Nc5+ Kf6 43. Nd3 Bc3 44. Nf4 Ba5 45. Nd5+ Ke5 46. Rxa7 Bd2 47. Rd7 Ba5 48. b6 h3 49. gxh3 Rb8 50.
c7 Rc8 51. b7 1-0

[Event "Early-Titled-Tuesday-Blitz-April-23-2024"]
[Site "Chess.com"]
[Date "2024.04.23"]
[Round "10"]
[White "ChEsper99"]
[Black "InitiatingASC"]
[Result "0-1"]
[WhiteElo "2246"]
[BlackElo "2342"]
[TimeControl "180+1"]
[EndTime "10:01:21 PDT"]
[Termination "InitiatingASC won on time"]

1. Nf3 Nc6 2. d4 Nf6 3. g3 e6 4. Bg2 Be7 5. O-O O-O 6. c4 d6 7. Nc3 Re8 8. e4 e5 9. d5 Nb8 10. h3 a5 11. Be3 Nbd7 12. a3 b6 13. b4 axb4 14. axb4 Ba6 15. Qb3 Bf8 16. Ra2 Qe7 17. Rfa1 Bb7 18. Nb5 Nxe4 19. Nxc7 Rxa2 20. Rxa2 Rc8 21.
Nb5 f5 22. Ra7 Ndf6 23. Bxb6 Ra8 24. Qa4 Rxa7 25. Qxa7 Bc8 26. Bc7 Bd7 27. Na3 Nc3 28. b5 e4 29. Ne1 Nfxd5 30. cxd5 Bxb5 31. Nxb5 Nxb5 32. Qb7 Nxc7 33. Nc2 Ne8 34. Qb5 Nf6 35. Nd4 Qe5 36. Qc4 g6 37. Nb5 Qxd5 38. Qxd5+ Nxd5 39. Bf1 Kg7 40. Bc4 Nf6 41. Nc3 Nd7 42. Kf1 Ne5 43. Bd5 Nd3 44. h4 Be7 45. Ke2 Bf6 46. Nb5 Be5 47. Nc7 Kf8 48. Ne6+ Ke7 49. Ng5 h6 50. Nh3 Bd4 51. Ng1 Bxf2 52. Nh3 Bxg3 0-1

[Event "Early-Titled-Tuesday-Blitz-April-23-2024"]
[Site "Chess.com"]
[Date "2024.04.23"]
[Round "10"]
[White "Sam_ChessMood"]
[Black "KogotBobra17"]
[Result "1-0"]
[WhiteElo "2985"]
[BlackElo "2784"]
[TimeControl "180+1"]
[EndTime "10:01:23 PDT"]
[Termination "Sam_ChessMood won by checkmate"]

1. d4 d5 2. c4 e6 3. Nf3 Nf6 4. Nc3 c6 5. e3 Nbd7 6. Qc2 Bd6 7. g4 Nxg4 8. Rg1 Nxh2 9. Nxh2 Bxh2 10. Rxg7 Nf8 11. Rg2 Bd6 12. Bd2 Ng6 13. O-O-O Bd7 14. Kb1 Qc7 15. Rc1 dxc4 16. Ne4 O-O-O 17. Bxc4 Kb8 18. f4 Bc8 19. a3 Be7 20. Rh1 h5 21. Ng5 Bxg5 22. Rxg5 h4 23. Bd3 Ne7 24. Be4 Nd5 25. Bf3 f6 26. Rg2 e5 27. dxe5 fxe5 28. fxe5 Qxe5 29. e4 Nf6 30. Rg5 Qe7 31. Bf4+ Ka8 32.
Ka1 h3 33. Qa4 Nd7 34. Ra5 a6 35. Be2 Nc5 36. Qb4 Qxe4 37. Qxe4 Nxe4 38. Re5 Nf2 39. Rh2 Ng4 40. Bxg4 Bxg4 41. b4 Rd1+ 42. Kb2 Rg1 43.
Rg5 Rh4 44. Rg8+ Bc8 45. Rxc8+ Ka7 46. Be3+ b6 47. Bxg1 Rg4 48. Rxh3 Rxg1 49. Rh7+ Rg7 50. Rxg7# 1-0

[Event "Early-Titled-Tuesday-Blitz-April-23-2024"]
[Site "Chess.com"]
[Date "2024.04.23"]
[Round "10"]
[White "alpope"]
[Black "dontcatchmeifyoucant"]
[Result "1-0"]
[WhiteElo "2521"]
[BlackElo "2391"]
[TimeControl "180+1"]
[EndTime "10:01:23 PDT"]
[Termination "alpope won by resignation"]

1. e4 c6 2. d4 d5 3. e5 c5 4. dxc5 e6 5. Nf3 Bxc5 6. Bd3 Ne7 7. Bf4 Nbc6 8. O-O Ng6 9. Bg3 O-O 10. Nbd2 a6 11. Nb3 Bb6 12. Qe2 Bc7 13. Nbd4 Qe7 14. c3 Bd7 15. Rae1 Rac8 16. h4 Nxd4 17. cxd4 Rfe8 18. h5 Nf8 19. a3 f5 20. Bh4 Qf7 21. Ng5 Qe7 22. g3 Bb6 23. Nxh7 Qf7 24. Ng5 Qe7 25. Ne4 dxe4 26. Bxe7 exd3 27. Qxd3 Bb5 28. Qb3 Rxe7 29. Rc1 Rxc1 30. Rxc1 Bxd4 31. Re1 Bc6 32.
Qb4 Rd7 33. Re2 Rd5 34. Kh2 Bxe5 35. f4 Rd1 36. Rg2 Bxg2 37. Kxg2 Bf6 38. Qxb7 Rd2+ 39. Kf3 a5 40. b4 Rd3+ 41. Ke2 Rxa3 42. b5 Rb3 43. Qa6 Rb2+ 44. Kd3 Rb3+ 45. Kc2 Rb2+ 46.
Kc1 Bd4 47. Qxa5 Rb3 48. Qa4 Be3+ 49. Kc2 1-0

[Event "Early-Titled-Tuesday-Blitz-April-23-2024"]
[Site "Chess.com"]
[Date "2024.04.23"]
[Round "10"]
[White "Firouzja2003"]
[Black "MagnusCarlsen"]
[Result "1-0"]
[WhiteElo "3096"]
[BlackElo "3220"]
[TimeControl "180+1"]
[EndTime "10:01:24 PDT"]
[Termination "Firouzja2003 won on time"]

1. e4 Nc6 2. Nf3 d6 3. d4 Nf6 4. c3 e5 5. Bd3 Bg4 6. d5 Nb8 7.
c4 Nbd7 8. Nc3 g6 9. h3 Bxf3 10.
Qxf3 h5 11. O-O Bh6 12. Bxh6 Rxh6 13. Qe3 Rh8 14. f4 exf4 15. Rxf4 Ne5 16. Raf1 Nfd7 17.
Be2 a6 18. b4 Qe7 19. Qd4 Rg8 20. R4f2 Kf8 21. Nd1 a5 22. a3 axb4 23. axb4 Ra4 24. Qb2 Ra8 25. Nc3 Re8 26. Nb5 c6 27. Nc7 Rc8 28.
Ne6+ Ke8 29. Nd4 c5 30. bxc5 Nxc5 31. Rf4 Kf8 32. Nb5 Rd8 33. Qd4 Rd7 34. Rf6 b6 35.
Qe3 Kg7 36. R6f2 Re8 37. Nd4 Kh7 38. Nc6 Nxc6 39. dxc6 Rc7 40. Rxf7+ Qxf7 41. Rxf7+ Rxf7 42. Qd4 Rc7 43. Qxd6 Rec8 44. e5 Rxc6 45. Qe7+ Kh6 46. h4 Re6 47. Qg5+ Kh7 48. Bf3 Rce8 49. Bd5 Rxe5 50.
Qf6 Rf5 51. Qxb6 Rc8 52. Qd6 Kh6 53. Qe7 Nd3 54. Qe3+ Nf4 55. g3 1-0

[Event "Early-Titled-Tuesday-Blitz-April-23-2024"]
[Site "Chess.com"]
[Date "2024.04.23"]
[Round "10"]
[White "Fandorine"]
[Black "SpeedofLight0"]
[Result "1/2-1/2"]
[WhiteElo "2927"]
[BlackElo "3074"]
[TimeControl "180+1"]
[EndTime "10:01:24 PDT"]
[Termination "Game drawn by repetition"]

1. e4 Nc6 2. Nf3 d6 3. Bb5 Nf6 4. Nc3 Bd7 5. d4 g6 6. O-O Bg7 7. h3 a6 8. Bxc6 Bxc6 9. d5 Bd7 10. e5 dxe5 11. Nxe5 O-O 12. Re1 Bf5 13. Bg5 h6 14. Bh4 g5 15. Bg3 e6 16. dxe6 Bxe6 17. Qf3 c6 18. Rad1 Qb6 19. Na4 Qa5 20. b3 Rad8 21. c4 Rfe8 22. Nd3 Bxc4 23. Rxe8+ Nxe8 24. Ndc5 Bd5 25. Qe2 Qb4 26. Qe7 Ra8 27. Qxb7 Qxb7 28. Nxb7 f5 29.
f3 f4 30. Bf2 Nc7 31. Nbc5 a5 32.
Bd4 Bf8 33. Nd7 Be7 34. Nf6+ Kf7 35. Ng4 Bf8 36. Ne5+ Kg8 37. Bf2 Re8 38. Bd4 Nb5 39.
Ba1 Bg7 40. Ng4 Re2 41. Bxg7 Kxg7 42. Nb6 Nc7 43. Rc1 Rxa2 44. Nxd5 Nxd5 45. Rxc6 h5 46. Ne5 Ne3 47. Rg6+ Kh7 48. Rxg5 Ra1+ 49. Kf2 Ra2+ 50. Kg1 h4 51. Nd3 Ra1+ 52. Kf2 Ra2+ 53. Kg1 Ra1+ 54.
Kf2 Ra2+ 55. Kg1 1/2-1/2

[Event "Early-Titled-Tuesday-Blitz-April-23-2024"]
[Site "Chess.com"]
[Date "2024.04.23"]
[Round "10"]
[White "SlavenPastar"]
[Black "Lady_Nika"]
[Result "0-1"]
[WhiteElo "2619"]
[BlackElo "2493"]
[TimeControl "180+1"]
[EndTime "10:01:26 PDT"]
[Termination "Lady_Nika won by resignation"]

1. Nf3 d5 2. g3 Nf6 3. Bg2 g6 4. b3 c6 5. Bb2 Bg7 6. O-O O-O 7.
c4 Na6 8. d3 Nc7 9. Nbd2 Re8 10. b4 Nh5 11. Bxg7 Nxg7 12. a4 a6 13. Qb3 e5 14. b5 axb5 15. axb5 Rxa1 16. Rxa1 e4 17. b6 Na6 18. Ne1 e3 19. fxe3 Rxe3 20. Bf3 d4 21. Rxa6 bxa6 22. b7 Bxb7 23. Qxb7 Qa5 24. Qb2 c5 25. Kf2 f5 26. Bd5+ Kh8 27.
Ne4 Qc7 28. Nxc5 Qxc5 29. Nf3 Re8 30. Kg2 a5 31. Nxd4 Qd6 32. e4 f4 33. gxf4 Qxf4 34. Ne6 Qg4+ 35. Kf2 Rxe6 36. Bxe6 Qxe6 37. Qb8+ Ne8 38.
Qa8 Qe5 39. Ke3 Kg8 40. d4 Qg5+ 41. Kd3 Kf8 42. Qd5 Qxd5 43. exd5 Ke7 44. c5 Nf6 45. Kc4 Kd7 46. d6 Kc6 47. d5+ Nxd5 48. d7 Ne3+ 49.
Kd4 Kxd7 50. Kxe3 Kc6 51. Kd4 a4 52. Kc4 a3 53. Kb3 Kxc5 54. Kxa3 Kd4 55. Kb3 Ke3 56. Kc3 g5 0-1

[Event "Early-Titled-Tuesday-Blitz-April-23-2024"]
[Site "Chess.com"]
[Date "2024.04.23"]
[Round "10"]
[White "MyDream003"]
[Black "rasmussvane"]
[Result "1-0"]
[WhiteElo "2834"]
[BlackElo "2948"]
[TimeControl "180+1"]
[EndTime "10:01:27 PDT"]
[Termination "MyDream003 won on time"]

1. e4 c6 2. d4 d5 3. e5 Bf5 4.
Nf3 e6 5. Be2 Ne7 6. O-O Ng6 7.
c3 Nd7 8. Re1 h6 9. Bf1 Be7 10.
Na3 Nh4 11. Nxh4 Bxh4 12. Nc2 O-O 13. Ne3 Bg6 14. g3 Be7 15. f4 c5 16. f5 Bxf5 17.
Nxf5 exf5 18. Bg2 Nb6 19. Qd3 cxd4 20. cxd4 Qd7 21. Rf1 Rac8 22. Rxf5 Rc6 23. Bd2 Nc4 24. Bc3 b5 25. Raf1 b4 26. Be1 Bg5 27. h4 Be7 28. Qf3 Qe8 29. Qxd5 Rc7 30. Qf3 Nxb2 31. Qb3 Nc4 32. Bd5 Qb5 33. Bxf7+ Rxf7 34. Rxf7 Qd5 35. Qf3 Qxf3 36. R7xf3 Nb6 37. Rd3 Nd5 38. Kg2 a5 39.
Kf3 Kf7 40. Ke4+ Ke6 41. Bd2 Rc2 42. Rc1 Rxc1 43. Bxc1 Nc3+ 44. Rxc3 bxc3 45. d5+ Kd7 46. Kd3 Bb4 47. a3 Bc5 48. Kxc3 Bf2 49. h5 Bxg3 50. Kd4 Bf2+ 51. Ke4 Bg3 52. Bf4 Bf2 53. e6+ Ke7 54. Be3 Bg3 55. Bc5+ Kf6 56. Bd4+ 1-0

[Event "Early-Titled-Tuesday-Blitz-April-23-2024"]
[Site "Chess.com"]
[Date "2024.04.23"]
[Round "10"]
[White "mbojan"]
[Black "Incognito_Knight"]
[Result "1/2-1/2"]
[WhiteElo "2919"]
[BlackElo "2761"]
[TimeControl "180+1"]
[EndTime "10:01:27 PDT"]
[Termination "Game drawn by repetition"]

1. a3 h5 2. h4 b6 3. e4 Bb7 4.
Nc3 Nf6 5. e5 Ng4 6. d4 c5 7.
dxc5 bxc5 8. Nf3 Nc6 9. Bf4 Qb8 10. Bc4 Ncxe5 11. Nxe5 Nxe5 12. O-O e6 13. Re1 Bd6 14. Nb5 Nf3+ 15. Qxf3 Bxf4 16. Qd1 Bc6 17. Nc3 O-O 18. Qxh5 Qxb2 19. Bd3 f5 20. Ne2 Bh6 21. Ng3 Qf6 22. c4 Rab8 23. Rab1 Qd4 24. Rxb8 Rxb8 25. Nxf5 Qxd3 26. Nxh6+ gxh6 27. Re3 Qf5 28. Qxh6 Kf7 29. Rg3 Rg8 30. Rxg8 Kxg8 31. Qe3 Qe4 32. Qg5+ Kf7 33.
f3 Qb1+ 34. Kh2 Qg6 35. Qxc5 Qf6 36. Kg3 Qg7+ 37. Kf2 Qb2+ 38. Kg3 Qg7+ 39. Kf2 Qb2+ 40. Kg3 Qb8+ 41. Kf2 Qb6 42. Qxb6 axb6 43. g4 Kf6 44. Ke3 e5 45. f4 e4 46. h5 d6 47. g5+ Kf5 48. h6 Kg6 49. f5+ Kh7 50. f6 Kg6 51. Kd4 Bb7 52. Ke3 Bc6 53. Kd4 Bb7 54. Kc3 Bc6 55.
Kd2 Bb7 56. Ke3 Bc6 1/2-1/2

[Event "Early-Titled-Tuesday-Blitz-April-23-2024"]
[Site "Chess.com"]
[Date "2024.04.23"]
[Round "10"]
[White "DarZay"]
[Black "emeli_chess"]
[Result "1-0"]
[WhiteElo "2338"]
[BlackElo "2464"]
[TimeControl "180+1"]
[EndTime "10:01:28 PDT"]
[Termination "DarZay won on time"]

1. e4 c5 2. Nf3 d6 3. d4 cxd4 4.
Nxd4 Nf6 5. Nc3 a6 6. a4 Nc6 7. Bc4 e6 8. O-O Be7 9. Be3 O-O 10. f4 Qc7 11. Ba2 Na5 12. Qf3 Nc4 13. Bc1 b6 14. b3 Na5 15. b4 Nc6 16. Nxc6 Qxc6 17.
b5 axb5 18. axb5 Qc5+ 19. Kh1 Bb7 20. Qd3 Ng4 21. Nd1 Bf6 22. c3 Rfc8 23. h3 Nh6 24. Be3 Qc7 25. Bd2 Kh8 26. g4 Ng8 27. g5 Be7 28. c4 d5 29. exd5 exd5 30. cxd5 Bc5 31. Nc3 Ne7 32. Rae1 Rxa2 33. Nxa2 Nxd5 34. Kh2 Rd8 35.
Qe2 Ne7 36. Bc3 Kg8 37. Qe5 Qxe5 38. Rxe5 Nd5 39. Rd1 Ra8 40. Nc1 Nxc3 41. Rd7 Be4 42. Nb3 Bg6 43. Nxc5 bxc5 44. Rxc5 Ne4 45. Rcd5 h5 46.
Rd8+ Rxd8 47. Rxd8+ Kh7 48. b6 Nc5 49. Rb8 Be4 50.
Kg3 Kg6 51. Rc8 Nb7 52. Rc7 f6 53. h4 Bd5 54. f5+ Kxf5 55. Rxg7 1-0

[Event "Early-Titled-Tuesday-Blitz-April-23-2024"]
[Site "Chess.com"]
[Date "2024.04.23"]
[Round "10"]
[White "briesmas"]
[Black "Kushch_Nikolai"]
[Result "1/2-1/2"]
[WhiteElo "2190"]
[BlackElo "2368"]
[TimeControl "180+1"]
[EndTime "10:01:30 PDT"]
[Termination "Game drawn by repetition"]

1. e4 c5 2. Nf3 e6 3. d4 cxd4 4. Nxd4 a6 5. Nc3 Qc7 6. g3 b5 7. Bg2 Bb7 8. O-O Nf6 9. a3 d6 10. Be3 Be7 11. Qe2 O-O 12. Rad1 Nbd7 13. f4 Rac8 14.
g4 Nc5 15. Bf2 d5 16. e5 Nfe4 17. Nxe4 Nxe4 18. Bxe4 dxe4 19. Be3 Qc4 20. c3 Bd5 21. Qxc4 Rxc4 22. f5 Rb8 23. g5 a5 24. f6 Bd8 25. Kf2 Bc7 26. Bf4 g6 27. h4 h5 28.
gxh6 Kh7 29. h5 Rg8 30. Rg1 b4 31. axb4 axb4 32. hxg6+ fxg6 33. Rg3 bxc3 34. bxc3 g5 35. Rxg5 Rxg5 36. Bxg5 Bxe5 37. f7 Bd6 38. Nxe6 Bxe6 39.
Rxd6 Bxf7 40. Rd7 Kg6 41. Bd2 Rc8 42. Rd6+ Kh7 43. Ke3 Re8 44. Rd7 Kg6 45. Kd4 Be6 46. Rg7+ Kf6 47. Rg1 Bf5 48. Bg5+ Ke6 49. Ke3 Rc8 50. Rd1 Rxc3+ 51. Kd2 Rd3+ 52. Kc1 Rc3+ 53. Kb2 Rd3 54. Rxd3 exd3 55. Kc3 Kd5 56. Kd2 Bh7 57. Be3 Ke4 58. Bc5 Kd5 59. Bf8 Ke4 60. Bg7 Kd5 61. Bf8 Ke4 62. Bg7 Kd5 63. Bf8 1/2-1/2

[Event "Early-Titled-Tuesday-Blitz-April-23-2024"]
[Site "Chess.com"]
[Date "2024.04.23"]
[Round "10"]
[White "FXDon77"]
[Black "Msb2"]
[Result "1/2-1/2"]
[WhiteElo "2860"]
[BlackElo "3051"]
[TimeControl "180+1"]
[EndTime "10:01:31 PDT"]
[Termination "Game drawn by repetition"]

1. e4 e6 2. d4 d5 3. Nc3 Nf6 4. Bg5 dxe4 5. Nxe4 Be7 6. Bxf6 Bxf6 7. Nf3 Nd7 8. Bd3 c5 9. Nxf6+ Nxf6 10. Qe2 Qa5+ 11. c3 O-O 12. O-O cxd4 13. Nxd4 Bd7 14. Rfe1 Rfd8 15. Qe5 Qxe5 16. Rxe5 Be8 17. Rd1 Nd7 18. Ree1 Nc5 19. Bc2 g6 20. Nb3 Na4 21. Rb1 Rac8 22.
Red1 Rxd1+ 23. Bxd1 Rd8 24. Bc2 e5 25. g3 Kg7 26. f4 exf4 27. gxf4 Nb6 28. Nd4 Nd5 29. Rd1 Bd7 30. f5 Ne3 31. Rd2 Re8 32.
fxg6 hxg6 33. Bd3 Re5 34. Nf3 Re7 35. Kf2 Bg4 36. Re2 Nd1+ 37. Kg3 Rxe2 38. Bxe2 Bxf3 39.
Bxf3 Nxb2 40. Bxb7 Kf6 41. Kf4 Nd3+ 42. Ke3 Nc5 43.
Bd5 Ke7 44. Kd4 Ne6+ 45. Bxe6 Kxe6 46. Ke4 f6 47. h4 Kd6 48. Kd4 a5 49. a4 f5 50. c4 Kc6 51. c5 Kc7 52. Kd5 Kd7 53. Ke5 Kc6 54. Kd4 Kd7 55. Ke5 Kc6 56. Kd4 1/2-1/2

[Event "Early-Titled-Tuesday-Blitz-April-23-2024"]
[Site "Chess.com"]
[Date "2024.04.23"]
[Round "10"]
[White "PeshkaCh"]
[Black "FairChess_on_YouTube"]
[Result "0-1"]
[WhiteElo "2873"]
[BlackElo "3078"]
[TimeControl "180+1"]
[EndTime "10:01:31 PDT"]
[Termination "FairChess_on_YouTube won by checkmate"]

1. Nf3 b5 2. g3 Bb7 3. Bg2 Nf6 4. O-O e6 5. d4 c5 6. dxc5 Bxc5 7. b3 O-O 8. Bb2 d5 9. Nbd2 Nbd7 10. c4 dxc4 11. bxc4 b4 12. Nb3 Be7 13. a3 a5 14. axb4 Bxb4 15. Ba3 Qe7 16. Bxb4 Qxb4 17. Qd2 Qxb3 18. Rfb1 Nc5 19. Qc1 Be4 20. Nd2 Qc2 21. Qxc2 Bxc2 22. Rb5 Rac8 23. Raxa5 Nce4 24. Nf3 Nc3 25. Rb2 Nxe2+ 26.
Kf1 Bd3 27. Ne5 Nc1+ 28. Ke1 Bxc4 29. Nxc4 Nd3+ 30. Kd2 Nxb2 31. Nxb2 Rfd8+ 32. Nd3 Ng4 33. Ke2 Rc2+ 34. Ke1 g6 35. Bf1 Nxh2 36. Be2 Nf3+ 37.
Bxf3 Rxd3 38. Be4 Rc1+ 39. Ke2 Rb3 40. Ra8+ Kg7 41. Ra7 Rcc3 42. Rd7 Rb2+ 43. Kf1 Ra3 44. Bd3 Rd2 45. Bb5 Rxd7 46. Bxd7 h5 47. Bc6 h4 48. gxh4 Rh3 49. Kg2 Rxh4 50. Kg3 Rb4 51. Bg2 f5 52. f4 Kf6 53. Bf3 g5 54. fxg5+ Kxg5 55. Kf2 Rf4 56. Kg3 Rxf3+ 57. Kxf3 e5 58. Kg3 e4 59. Kf2 f4 60. Ke2 Kg4 61. Kf2 e3+ 62. Kf1 f3 63. Kg1 Kg3 64. Kf1 f2 65. Ke2 Kg2 66.
Kxe3 f1=Q 67. Kd4 Qe2 68. Kc5 Qd3 69. Kb6 Qc4 70. Ka5 Qb3 71. Ka6 Qb4 72. Ka7 Qb5 73. Ka8 Kh1 74. Ka7 Kh2 75. Ka8 Kh3 76. Ka7 Kh4 77.
Ka8 Kh5 78. Ka7 Kh6 79. Ka8 Kh7 80. Ka7 Kh8 81. Ka8 Kg8 82. Ka7 Kf8 83. Ka8 Ke8 84. Ka7 Kd8 85. Ka8 Kc8 86. Ka7 Kc7 87. Ka8 Qa4# 0-1

[Event "Early-Titled-Tuesday-Blitz-April-23-2024"]
[Site "Chess.com"]
[Date "2024.04.23"]
[Round "10"]
[White "Unkreativ3"]
[Black "Naruna_Chan"]
[Result "1-0"]
[WhiteElo "2587"]
[BlackElo "2363"]
[TimeControl "180+1"]
[EndTime "10:01:33 PDT"]
[Termination "Unkreativ3 won by resignation"]

1. e4 c5 2. Nf3 Nc6 3. Nc3 e5 4. g3 d6 5. Bg2 Be7 6. O-O Nf6 7. d3 O-O 8. a4 Nd4 9. Nd2 Bg4 10. f3 Be6 11. Nc4 Bxc4 12. dxc4 Nd7 13. Nd5 Bg5 14. f4 Bh6 15. c3 Nc6 16. Bh3 Nb6 17. b3 Re8 18.
Bg2 Nxd5 19. Qxd5 Ne7 20. Qd3 exf4 21. Bxf4 Bxf4 22. gxf4 Qc7 23. Kh1 Ng6 24. Qc2 d5 25. f5 Ne5 26. exd5 Ng4 27. Bf3 Ne3 28. Qf2 Nxf1 29. Rxf1 Qe5 30. Qxc5 Qxf5 31. Bg2 Qd7 32. Qd4 b6 33. a5 Rab8 34. axb6 axb6 35. b4 Re2 36.
Qd3 Rbe8 37. c5 bxc5 38. bxc5 Re1 39. c6 Qd6 40. c4 Rxf1+ 41. Bxf1 f5 42. Qxf5 Rf8 43.
Qd3 Qf4 44. Qe2 Qxf1+ 45. Qxf1 Rxf1+ 46. Kg2 Rc1 47. d6 Rxc4 48. d7 Rc2+ 49. Kg3 Rxc6 50. d8=Q+ 1-0

[Event "Early-Titled-Tuesday-Blitz-April-23-2024"]
[Site "Chess.com"]
[Date "2024.04.23"]
[Round "10"]
[White "Smiechu"]
[Black "rikchessmx"]
[Result "0-1"]
[WhiteElo "2445"]
[BlackElo "2284"]
[TimeControl "180+1"]
[EndTime "10:01:34 PDT"]
[Termination "rikchessmx won on time"]

1. e4 e5 2. Nf3 Nc6 3. d4 exd4 4. Nxd4 Bc5 5. Nb3 Bb6 6. Nc3 d6 7.
Qe2 Nf6 8. Be3 Be6 9. f3 Qd7 10. O-O-O O-O-O 11. Bxb6 axb6 12. Nd4 Rhe8 13. Nxe6 Qxe6 14.
Qb5 Qe5 15. Nd5 Nxd5 16. Rxd5 Qf4+ 17. Kb1 Ne5 18. Qa4 Kb8 19. Be2 Qe3 20. Bd3 Qf2 21. Rd1 c6 22. Rd4 b5 23. Bxb5 cxb5 24. Qxb5 Nc6 25.
R4d3 Qc5 26. Qa4 Qa5 27. Qb3 Re7 28. Rd5 Qb4 29. Qd3 Re5 30. Rxd6 Qxd6 31. Qxd6+ Rxd6 32. Rxd6 Kc7 33. Rd2 Re7 34. c3 Rd7 35. Re2 Rd1+ 36. Kc2 Rh1 37. h3 Ra1 38. a3 Ne5 39. f4 Nc4 40.
Kb3 b5 41. e5 Rf1 42. a4 Rxf4 43. axb5 Kb6 44. g3 Na5+ 45. Kc2 Rf3 46. e6 fxe6 47.
Rxe6+ Kxb5 48. Re5+ Kb6 49. Rg5 g6 50. b4 Nc4 51. Kb3 Nd6 52. Rg4 Nb5 53. Rc4 Rxg3 54. h4 Rh3 55. Rc8 Rxh4 56. c4 Rh3+ 57. Kb2 Nd4 58.
c5+ Kb5 59. Rb8+ Kc4 60. Kc1 Kc3 61. Kb1 Rh1+ 62. Ka2 Nb3 0-1

[Event "Early-Titled-Tuesday-Blitz-April-23-2024"]
[Site "Chess.com"]
[Date "2024.04.23"]
[Round "10"]
[White "WilsonPalencia21"]
[Black "Airquake"]
[Result "0-1"]
[WhiteElo "2542"]
[BlackElo "2665"]
[TimeControl "180+1"]
[EndTime "10:01:35 PDT"]
[Termination "Airquake won on time"]

1. d4 b6 2. Nf3 Bb7 3. g3 Nf6 4. Bg2 e6 5. O-O Be7 6. c4 O-O 7. Nc3 d5 8. cxd5 exd5 9. Qc2 Nc6 10. Rd1 h6 11. Ne5 Na5 12. b3 c6 13. Bb2 Qd6 14. e4 dxe4 15. Nxe4 Nxe4 16. Bxe4 Bf6 17. a4 Rfe8 18.
f4 Qe6 19. b4 Nc4 20. Bf5 Qd5 21. Be4 Ne3 22. Bxd5 Nxc2 23. Bxf7+ Kf8 24. Bxe8 Nxa1 25. Bxc6 Bxc6 26. Nxc6 Nc2 27. Rd2 Ne3 28. b5 a6 29. Kf2 Nc4 30. Rc2 axb5 31. axb5 Ra2 32. Rxc4 Rxb2+ 33. Kf3 Rxb5 34. Ne5 Rb3+ 35. Ke4 b5 36.
Rc8+ Ke7 37. Rb8 Rb1 38. h4 Kd6 39. Rb7 Re1+ 40. Kf5 Bxe5 41. fxe5+ Kc6 42. Rxg7 b4 43. Rg6+ Kb5 44. Rg8 b3 45. Rb8+ Kc4 46. e6 Kd5 47.
Rb5+ Kc4 48. Rb6 Rf1+ 49. Kg6 Re1 50. Kxh6 Re3 51. g4 Kxd4 52. g5 Kc5 53. Rb8 Kd6 54. Rb6+ Ke7 55. Kg6 Rxe6+ 56. Rxe6+ Kxe6 57. h5 b2 58. h6 b1=Q+ 59. Kg7 Qb7+ 0-1